 Dungeon Sprint DCSS version 0.30.1-4-g462c640d31 (webtiles) character file.

Game seed: 5153905498528342104

29277 Heoruswealwe the Ninja (level 13, -7/70 HPs)
             Began as a Spriggan Artificer on Sept 13, 2023.
             Was an Initiate of Gozag.
             Engulfed by a cloud of freezing vapour (11 damage)
             ... in the Dungeon (Sprint I: "Red Sonja").
             The game lasted 01:06:47 (2765 turns).

Heoruswealwe the Ninja (Spriggan Artificer)         Turns: 2765, Time: 01:06:48

Health: -7/70      AC:  7    Str:  8    XL:     13   Next: 14%
Magic:  14/14      EV: 41    Int: 13    God:    Gozag
Gold:   2036       SH:  0    Dex: 20    Spells: 12/12 levels left

rFire   + . .        a - +12 pair of quick blades "Gyre" and "Gimble" {protect}
rCold   . . .        (shield currently unavailable)
rNeg    . . .        c - +2 robe {rF+}
rPois   +            (helmet restricted)
rElec   .            v - +2 cloak {rPois}
rCorr   .            (gloves unavailable)
SInv    +            (boots unavailable)
Will    ++...        (no amulet)
Stlth   ++++++++++   (no ring)
HPRegen 0.31/turn    (no ring)
MPRegen 0.14/turn

%: no teleportation
@: very quick
A: very small, no large weapons, unfitting armour, see invisible, speed 3
a: Renounce Religion, Potion Petition, Call Merchant, Bribe Branch


You were in the Dungeon.
You worshipped Gozag.
Gozag was most pleased with you.
You visited 1 branch You collected 13921 gold pieces.
You spent 7642 gold pieces at shops.
You donated 35 gold pieces to Zin.
You paid 4208 gold pieces to Gozag.

Inventory:

Hand Weapons
 a - the +12 pair of quick blades "Gyre" and "Gimble" (weapon) {protect}
   (You bought it in a shop in the Dungeon)
 b - a +4 rapier of freezing
Armour
 c - a +2 robe of fire resistance (worn)
 f - a scarf of resistance
 n - a +2 robe of positive energy
 v - a +2 cloak of poison resistance (worn)
Jewellery
 i - the ring of Vity {Fire Fly rN+ Will++ Str-3}
   (You bought it in a shop in the Dungeon)

   [ring of fire]

   It enhances your fire magic.
   Str:       It affects your strength (-3).
   rF:        It protects you from fire.
   rC:        It makes you vulnerable to cold.
   rN:        It protects you from negative energy.
   Fly:       It grants you flight.
   Will:      It greatly increases your willpower.
Wands
 d - a wand of charming (19)
 o - a wand of flame (25) (quivered)
Scrolls
 e - 7 scrolls of identify
 j - 5 scrolls of enchant armour
 s - 3 scrolls of silence
Potions
 g - 3 potions of resistance
 l - 4 potions of curing
 m - a potion of haste
 q - a potion of cancellation
 r - 3 potions of mutation
 u - a potion of invisibility
Miscellaneous
 h - a lightning rod (4/4)
 k - a box of beasts


   Skills:
 - Level 8.9 Fighting
 + Level 22.9 Short Blades
 + Level 26.2 Dodging
 O Level 27 Stealth
 - Level 4.0 Evocations


You had 12 spell levels left.
You didn't know any spells.
Your spell library contained the following spells:

 Spells                   Type           Power      Damage    Failure   Level
 Blink                    Tloc           0%         N/A       43%         2
 Lesser Beckoning         Tloc           0%         N/A       43%         2
 Momentum Strike          Conj/Tloc      0%         3d8       43%         2
 Poisonous Vapours        Pois/Air       0%         N/A       43%         2
 Dazzling Flash           Conj/Hex       0%         N/A       67%         3
 Mephitic Cloud           Conj/Pois/Air  0%         N/A       67%         3
 Volatile Blastmotes      Fire/Tloc      0%         2d10      67%         3
 Iskenderun's Mystic Bla  Conj/Tloc      0%         2d3       97%         4
 Borgnjor's Vile Clutch   Necr/Erth      0%         N/A       100%        5
 Freezing Cloud           Conj/Ice/Air   0%         6-21      100%        5
 Death Channel            Necr           0%         N/A       100%        6
 Starburst                Conj/Fire      0%         6d3       100%        6
 Animate Dead             Necr           Unusable   N/A       N/A         4

Dungeon Overview and Level Annotations

Branches:
Dungeon (1/1)

Altars:
Cheibriados
Dithmenos
Elyvilon
Fedhas
Gozag
Hepliaklqana
Kikubaaqudgha
Makhleb
Nemelex Xobeh
Okawaru
Qazlal
Ru
Sif Muna
Trog
Uskayaw
Vehumet
Wu Jian
Xom
Yredelemnul
Zin
The Shining One
Jiyva
Lugonu

Shops:
D =([*[?:((*?(:*([[:=[!*=?!*[

Annotations:
D Tiamat


Innate Abilities, Weirdness & Mutations

You are very small and have problems with some larger weapons.
You are too small for most types of armour.
You have supernaturally acute eyesight. (SInv)
You cover ground extremely quickly. (Speed+++)


Message History

You now have 1766 gold pieces (gained 27).
Really fly into that cloud of freezing vapour?
Okay, then.
Found 27 gold pieces.
You now have 1793 gold pieces (gained 27).
Found 54 gold pieces.
You now have enough gold to fund merchants seeking to open stores in the dungeon.
You now have 1820 gold pieces (gained 27).
You now have 1847 gold pieces (gained 27).
Found 54 gold pieces.
You now have 1874 gold pieces (gained 27).
You are engulfed in freezing vapours.
You now have 1901 gold pieces (gained 27).
You are engulfed in freezing vapours.
Ouch! That really hurt!
* * * LOW HITPOINT WARNING * * *
You feel much better.
You are engulfed in freezing vapours.
* * * LOW HITPOINT WARNING * * *
Okay, then.
You remove the ring of Vity {Fire Fly rN+ Will++ Str-3}.
You float gracefully downwards.
You are engulfed in freezing vapours.
* * * LOW HITPOINT WARNING * * *
Found 81 gold pieces.
You now have 1928 gold pieces (gained 27).
Found 135 gold pieces.
You now have 1955 gold pieces (gained 27).
Found 135 gold pieces.
You pick up a book of Vapours and begin reading...
You add the spells Poisonous Vapours, Mephitic Cloud and Freezing Cloud to your library.
Found 108 gold pieces.
You now have 1982 gold pieces (gained 27).
Found 108 gold pieces.
You now have 2009 gold pieces (gained 27).
You now have 2036 gold pieces (gained 27).
Found 135 gold pieces.
You are engulfed in freezing vapours.
* * * LOW HITPOINT WARNING * * *
You see here 27 gold pieces.
You are engulfed in freezing vapours.
You die...
Your body crumbles into a pile of gold.

∩.#§..§.#...#$$$$#
..##...§#)∩[#$$$$#
..≈###+##.[.#$$$$#
..≈..#)####+#$$°$#
.)≈[##+#....##$$°#
..≈##§§§§§§§.##$°#
..≈#.§.§§..§..#○.#
..##§§§.§§§...##☼#
).#...§§§§§....#@#
..#....§)§§....#.#
..##.§§.......##.#
#'##..........#..#
~~~##........##..#
~~~~##.)!...##...#
~~~~~########○○○.#
#~~~~#~~~~~#.☼○..#
#'~~~'~~.~~'..°..#


There were no monsters in sight!

Vanquished Creatures
  the Lernaean hydra (D)
  A golden dragon (D)
  A deep elf master archer (D)
  A shadow dragon (D)
  4 fire giants (D)
  A daeva (D)
  A lorocyproca (D)
  A deep elf annihilator (D)
  A mummy priest (D)
  A hydra (D)
  2 centaur warriors (D)
  Sonja (D)
  A deep troll (D)
  A lindwurm (D)
  8 shining eyes (D)
  2 oklob plants (D)
  2 merfolk sirens (D)
  A gargoyle (D)
  4 demonic crawlers (D)
  7 unseen horrors (D)
  2 kobold demonologists (D)
  A hellwing (D)
  A meliai (D)
  5 hornets (D)
  A slime creature (D)
  Sigmund (D)
  A yak (D)
  13 hogs (D)
  2 redbacks (D)
  7 floating eyes (D)
  An ogre (D)
  7 necrophages (D)
  8 jellies (D)
  Ijyb (D)
  A ballistomycete spore (D)
94 creatures vanquished.

Vanquished Creatures (others)
  A ballistomycete spore (D)
1 creature vanquished.

Grand Total: 95 creatures vanquished

Notes
Turn   | Place    | Note
-------+----------+-------------------------------------------
     0 | D        | Heoruswealwe the Spriggan Artificer began the quest for the
                  | Orb.
     0 | D        | Reached XP level 1. HP: 9/9 MP: 2/2
     1 | D        | Noticed Ijyb
     3 | D        | Killed Ijyb
     4 | D        | Reached skill level 9 in Stealth
     4 | D        | Reached XP level 2. HP: 14/14 MP: 3/3
    33 | D        | Noticed an ogre
    36 | D        | Killed an ogre
    37 | D        | Reached skill level 14 in Stealth
    37 | D        | Reached XP level 3. HP: 17/17 MP: 4/4
    37 | D        | Reached XP level 4. HP: 21/21 MP: 5/5
    45 | D        | Noticed Sigmund
    48 | D        | Killed Sigmund
    49 | D        | Reached skill level 18 in Stealth
    49 | D        | Reached XP level 5. HP: 25/25 MP: 6/6
    60 | D        | Found an ornate altar of the Wu Jian Council.
    60 | D        | Found a shimmering blue altar of Sif Muna.
    62 | D        | Found a radiant altar of Vehumet.
    67 | D        | Reached skill level 19 in Stealth
    67 | D        | Reached XP level 6. HP: 29/29 MP: 7/7
    97 | D        | Found Ijeaf's General Store.
    97 | D        | Found an ancient bone altar of Kikubaaqudgha.
    97 | D        | Found a hazy altar of Hepliaklqana.
    97 | D        | Found a stormy altar of Qazlal.
    97 | D        | Found a hide-covered altar of Uskayaw.
    97 | D        | Found a blossoming altar of Fedhas.
    97 | D        | Found a bloodstained altar of Trog.
    97 | D        | Found an iron altar of Okawaru.
    97 | D        | Found a basalt altar of Yredelemnul.
    97 | D        | Found a glowing golden altar of the Shining One.
    97 | D        | Found a snail-covered altar of Cheibriados.
    97 | D        | Found a sacrificial altar of Ru.
    97 | D        | Found a glowing silver altar of Zin.
    97 | D        | Found a shadowy altar of Dithmenos.
    97 | D        | Found a white marble altar of Elyvilon.
    97 | D        | Noticed a yak
    98 | D        | Found an opulent altar of Gozag.
    99 | D        | Killed a yak
   100 | D        | Reached skill level 21 in Stealth
   100 | D        | Found a sparkling altar of Nemelex Xobeh.
   105 | D        | Became a worshipper of Zin the Law-Giver
   105 | D        | Reached * piety under Zin
   105 | D        | Reached ** piety under Zin
   105 | D        | Reached *** piety under Zin
   105 | D        | Reached **** piety under Zin
   105 | D        | Reached ***** piety under Zin
   105 | D        | Reached ****** piety under Zin
   114 | D        | Noticed Sonja
   118 | D        | Killed Sonja
   119 | D        | Reached skill level 25 in Stealth
   119 | D        | Reached XP level 7. HP: 32/32 MP: 8/8
   132 | D        | Found Xom Nuxt's Jewellery Boutique.
   143 | D        | Noticed a shining eye
   143 | D        | Noticed a shining eye
   143 | D        | Noticed a shining eye
   143 | D        | Noticed a shining eye
   143 | D        | Noticed a shining eye
   143 | D        | Noticed a shining eye
   146 | D        | Paralysed by a floating eye for 4 turns
   153 | D        | Paralysed by a floating eye for 4 turns
   158 | D        | Reached skill level 1 in Fighting
   158 | D        | Reached skill level 1 in Short Blades
   158 | D        | Reached XP level 8. HP: 37/37 MP: 9/9
   165 | D        | Paralysed by a floating eye for 2 turns
   170 | D        | Killed a shining eye
   186 | D        | Killed a shining eye
   187 | D        | Reached skill level 5 in Short Blades
   202 | D        | Killed a shining eye
   203 | D        | Reached skill level 5 in Fighting
   203 | D        | Reached skill level 26 in Stealth
   203 | D        | Reached XP level 9. HP: 47/47 MP: 10/10
   220 | D        | Killed a shining eye
   238 | D        | Killed a shining eye
   239 | D        | Reached skill level 10 in Dodging
   241 | D        | Noticed a shining eye
   241 | D        | Noticed a shining eye
   250 | D        | Killed a shining eye
   251 | D        | Reached skill level 27 in Stealth
   251 | D        | Killed a shining eye
   252 | D        | Reached XP level 10. HP: 53/53 MP: 11/11
   257 | D        | Killed a shining eye
   279 | D        | Fell from the grace of Zin
   279 | D        | Became a worshipper of Gozag Ym Sagoz the Greedy
   287 | D        | Noticed a deep troll
   291 | D        | Killed a deep troll
   302 | D        | Found Listrueha's Armour Emporium.
   380 | D        | Found Racumaep's Weapon Shoppe.
   380 | D        | Found Ruoliuh's Armour Shop.
   380 | D        | Found Ojiarit's Antique Armour Emporium.
   380 | D        | Found Jicivi's Magic Scroll Boutique.
   430 | D        | Noticed a centaur warrior
   432 | D        | Noticed a centaur warrior
   438 | D        | Killed a centaur warrior
   439 | D        | Reached skill level 10 in Short Blades
   450 | D        | Killed a centaur warrior
   650 | D        | Noticed an oklob plant
   652 | D        | Killed an oklob plant
   653 | D        | Reached skill level 15 in Dodging
   704 | D        | Reached XP level 11. HP: 60/60 MP: 12/12
   891 | D        | Identified the +2 chain mail of Yrphuatah {Will+}
   904 | D        | Found Kotrisewk's Book Boutique.
   904 | D        | Found Daq Cab's Distillery.
   904 | D        | Found Doaduevu's Jewellery Emporium.
   906 | D        | Found Daar Menguci's Armour Boutique.
   906 | D        | Found Ezukashe's Armour Shoppe.
   906 | D        | Found Ucsuimyw's Weapon Shop.
   906 | D        | Found Zac Tirph's General Store.
   906 | D        | Found Inoisoel's Book Boutique.
   906 | D        | Found Jerogod's Weapon Shoppe.
   906 | D        | Found Ysod's Magic Scroll Shop.
   910 | D        | Found Vuynanen's General Store.
   911 | D        | Found Navik's Weapon Boutique.
   911 | D        | Found Hiovvyma's Antique Weapon Shoppe.
   912 | D        | Bought a scarf of resistance for 320 gold pieces
   917 | D        | Found Nybere's Book Shop.
   921 | D        | Bought the +12 pair of quick blades "Gyre" and "Gimble"
                  | {protect} for 1020 gold pieces
   921 | D        | Found the +12 pair of quick blades "Gyre" and "Gimble"
                  | {protect}
   924 | D        | Bought a +0 rapier for 56 gold pieces
   929 | D        | Bought a scroll of acquirement for 520 gold pieces
   929 | D        | Bought a scroll of acquirement for 520 gold pieces
   937 | D        | Acquired 733 gold pieces
   939 | D        | Acquired a manual of Short Blades
   975 | D        | Bought 2 scrolls of identify for 40 gold pieces
   975 | D        | Bought a scroll of identify for 20 gold pieces
   975 | D        | Bought a scroll of identify for 20 gold pieces
   975 | D        | Bought a scroll of identify for 20 gold pieces
  1017 | D        | Bought a scroll of enchant armour for 75 gold pieces
  1017 | D        | Bought a scroll of enchant armour for 75 gold pieces
  1017 | D        | Bought a scroll of magic mapping for 75 gold pieces
  1017 | D        | Bought a scroll of fog for 40 gold pieces
  1037 | D        | Bought a ring of flight for 210 gold pieces
  1056 | D        | Bought a scroll of enchant weapon for 90 gold pieces
  1056 | D        | Bought a scroll of blinking for 90 gold pieces
  1119 | D        | Bought a potion of resistance for 110 gold pieces
  1119 | D        | Bought a potion of degeneration for 11 gold pieces
  1119 | D        | Bought a potion of brilliance for 44 gold pieces
  1119 | D        | Bought a potion of curing for 33 gold pieces
  1119 | D        | Bought a potion of mutation for 88 gold pieces
  1119 | D        | Bought a potion of lignification for 33 gold pieces
  1119 | D        | Bought a potion of might for 44 gold pieces
  1125 | D        | Bought a potion of mutation for 104 gold pieces
  1125 | D        | Bought a potion of invisibility for 104 gold pieces
  1125 | D        | Bought a scroll of brand weapon for 123 gold pieces
  1128 | D        | Bought a scroll of enchant armour for 75 gold pieces
  1128 | D        | Bought a scroll of identify for 20 gold pieces
  1128 | D        | Bought a scroll of identify for 20 gold pieces
  1128 | D        | Bought a scroll of identify for 20 gold pieces
  1128 | D        | Bought a scroll of identify for 20 gold pieces
  1129 | D        | Bought a scroll of amnesia for 48 gold pieces
  1203 | D        | Found a burning altar of Makhleb.
  1203 | D        | Found a viscous altar of Jiyva.
  1203 | D        | Found a shimmering altar of Xom.
  1203 | D        | Found a corrupted altar of Lugonu.
  1272 | D        | Bought a scroll labelled REALEE GEHIPIA for 19 gold pieces
  1272 | D        | Bought a scroll labelled TUAQ MUCUEWAQA for 19 gold pieces
  1272 | D        | Bought a scroll labelled QUKYOD FOPI for 19 gold pieces
  1272 | D        | Bought a scroll of enchant armour for 142 gold pieces
  1272 | D        | Bought a runed cloak for 142 gold pieces
  1306 | D        | Noticed a lindwurm
  1309 | D        | Killed a lindwurm
  1310 | D        | Reached skill level 15 in Short Blades
  1388 | D        | Bought a scroll of enchant armour for 127 gold pieces
  1388 | D        | Bought a scroll of identify for 34 gold pieces
  1388 | D        | Bought a scroll of silence for 161 gold pieces
  1388 | D        | Bought a scroll of blinking for 127 gold pieces
  1388 | D        | Bought a scroll of identify for 34 gold pieces
  1410 | D        | Noticed a 12-headed hydra
  1412 | D        | Killed a 12-headed hydra
  1482 | D        | Noticed a shadow dragon
  1483 | D        | Noticed a golden dragon
  1484 | D        | Killed a golden dragon
  1485 | D        | Killed a shadow dragon
  1486 | D        | Reached XP level 12. HP: 65/65 MP: 13/13
  1565 | D        | Found Yserucoh's Armour Shoppe.
  1583 | D        | Bought a +2 robe of fire resistance for 247 gold pieces
  1583 | D        | Bought a +2 robe of positive energy for 205 gold pieces
  1649 | D        | Bought a scroll of acquirement for 884 gold pieces
  1654 | D        | Acquired 806 gold pieces
  1795 | D        | Noticed a lorocyproca
  1797 | D        | Killed a lorocyproca
  2053 | D        | Bought the ring of Vity {Fire Fly rN+ Will++ Str-3} for 690
                  | gold pieces
  2088 | D        | Noticed a daeva
  2106 | D        | Killed a daeva
  2305 | D        | Noticed a fire giant
  2308 | D        | Noticed a fire giant
  2309 | D        | Noticed a fire giant
  2310 | D        | Noticed a fire giant
  2312 | D        | Killed a fire giant
  2316 | D        | Killed a fire giant
  2318 | D        | Killed a fire giant
  2327 | D        | Killed a fire giant
  2328 | D        | Found the +4 dragonskin cloak
  2328 | D        | Noticed Tiamat
  2430 | D        | Bought a potion of curing for 33 gold pieces
  2430 | D        | Bought a potion of haste for 110 gold pieces
  2430 | D        | Bought a potion of curing for 33 gold pieces
  2430 | D        | Bought a potion of resistance for 110 gold pieces
  2430 | D        | Bought a potion of ambrosia for 88 gold pieces
  2430 | D        | Bought a potion of cancellation for 88 gold pieces
  2430 | D        | Bought a potion of mutation for 88 gold pieces
  2480 | D        | Noticed a deep elf annihilator
  2481 | D        | Noticed a mummy priest
  2482 | D        | Killed a deep elf annihilator
  2491 | D        | Killed a mummy priest
  2546 | D        | Bought a scroll of identify for 28 gold pieces
  2546 | D        | Bought a scroll of immolation for 56 gold pieces
  2546 | D        | Bought a potion of heal wounds for 70 gold pieces
  2612 | D        | Noticed the 27-headed Lernaean hydra
  2614 | D        | Killed the 27-headed Lernaean hydra
  2615 | D        | Reached XP level 13. HP: 70/70 MP: 14/14
  2615 | D        | Noticed a deep elf master archer
  2620 | D        | Killed a deep elf master archer
  2707 | D        | Identified the +3 war axe of Pefoluhe {antimagic, rElec
                  | Int+4 Dex+3}
  2765 | D        | Engulfed by a cloud of freezing vapour

Illustrated notes

Levels and vault maps discovered:
D:        dungeon_sprint_1 [red_sonja_temple_1, red_sonja_temple_small_1]

Skill      XL: |  1  2  3  4  5  6  7  8  9 10 11 12 13 |
---------------+----------------------------------------+-----
Stealth        | 9 14 18 19 25 26 27 | 27.0
Fighting       | 1 5 6 8 |  8.9
Short Blades   | 1 6 9 11 19 22 | 22.9
Dodging        | 8 11 16 21 25 26 | 26.2
Evocations     | |  4.0

Action                     |  1- 3 |  4- 6 |  7- 9 | 10-12 | 13-15 || total
---------------------------+-------+-------+-------+-------+-------++-------
  Melee: Dagger            |     1 |     4 |    82 |    79 |       ||   166
         Punch             |       |       |     3 |     1 |       ||     4
         Pair of quick bla |       |       |       |   113 |     1 ||   114
 Invoke: Call Merchant     |       |       |       |     5 |       ||     5
  Evoke: Wand              |     3 |       |       |    18 |       ||    21
    Use: Potion            |       |       |       |     7 |     1 ||     8
         Scroll            |       |       |       |    23 |       ||    23
   Stab: Sleeping          |     1 |     4 |     4 |    37 |     1 ||    47
         Distracted        |       |       |       |     6 |       ||     6
 Armour: Robe              |       |       |       |     4 |       ||     4
  Dodge: Dodged            |       |       |       |    77 |       ||    77
